2431 views
Uploaded 2021-10-24 08:48:49
Game version 1.32.10
8:39 long 4on4 ladder game on (8)MarketSquare
Replay saver unknown (Battle.net server failure?)
2431 views
Uploaded 2021-10-24 08:48:49
Game version 1.32.10
8:39 long 4on4 ladder game on (8)MarketSquare

69 units @ 7.8k
/ 0.4k
42 buildings @ 6.5k
/ 2.5k


| Healing Salve | 2 | 200 |
| Potion of Healing | 1 | 150 |
| Scroll of Speed | 1 | 50 |
| total: | 4 | 400g |
| Peon | 8 | 600 | / | 0 |
| Grunt | 5 | 1000 | / | 0 |
| total: | 13 | 1600g | / | 0w |
| Watch Tower | 1 | 110 | / | 80 |
| Altar of Storms | 1 | 180 | / | 50 |
| Orc Burrow | 3 | 480 | / | 120 |
| Barracks | 1 | 180 | / | 50 |
| Voodoo Lounge | 1 | 130 | / | 30 |
| War Mill | 1 | 205 | / | 0 |
| Great Hall | 1 | 385 | / | 185 |
| Spirit Lodge | 1 | 150 | / | 150 |
| Tauren Totem | 2 | 270 | / | 310 |
| Stronghold | 1 | 315 | / | 190 |
| Fortress | 1 | 325 | / | 190 |
| total: | 12 | 2090g | / | 975w |
| 0:04 | Peon |
| 0:04 | Peon |
| 0:04 | Peon |
| 0:21 | Altar of Storms |
| 0:36 | Orc Burrow |
| 0:49 | Peon |
| 0:56 | Barracks |
| 0:57 | Peon |
| 1:14 | Peon |
| 1:14 | Peon |
| 1:43 | Peon |
| 1:47 | Orc Burrow |
| 2:01 | Grunt |
| 2:26 | Grunt |
| 2:32 | Wind Walk |
| 2:45 | Voodoo Lounge |
| 2:54 | Stronghold |
| 3:34 | War Mill |
| 3:51 | Healing Salve |
| 3:59 | Grunt |
| 4:39 | Grunt |
| 5:32 | Critical Strike |
| 6:01 | Fortress |
| 6:08 | Spirit Lodge |
| 6:19 | Potion of Healing |
| 6:21 | Scroll of Speed |
| 6:24 | Grunt |
| 6:28 | Healing Salve |
| 6:49 | Watch Tower |
| 7:25 | Endurance Aura |
| 7:28 | Witch Doctor Adept Training |
| 7:39 | Orc Burrow |
| 7:40 | Steel Armor |
| 8:14 | Great Hall |
| 8:18 | Tauren Totem |
| 8:23 | Tauren Totem |
| Right click | 181 |
| Chat | 168 |
| Select | 115 |
| Build/train/purchase | 28 |
| Assign group | 17 |
| Misc. action | 8 |
| Use ability | 4 |
| Select group | 3 |
| Minimap ping | 3 |
| Item give/drop | 1 |


| Scroll of Regeneration | 1 | 100 |
| Lesser Clarity Potion | 1 | 70 |
| Healing Salve | 1 | 100 |
| total: | 3 | 270g |
| Peasant | 9 | 675 | / | 0 |
| Footman | 5 | 675 | / | 0 |
| Rifleman | 5 | 1025 | / | 150 |
| total: | 19 | 2375g | / | 150w |
| Barracks | 2 | 320 | / | 120 |
| Altar of Kings | 1 | 180 | / | 50 |
| Farm | 5 | 400 | / | 100 |
| Arcane Vault | 1 | 130 | / | 30 |
| Blacksmith | 1 | 140 | / | 60 |
| Lumber Mill | 1 | 120 | / | 0 |
| Arcane Sanctum | 1 | 150 | / | 140 |
| Keep | 1 | 320 | / | 210 |
| total: | 12 | 1440g | / | 500w |
| 0:03 | Peasant |
| 0:12 | Barracks |
| 0:17 | Altar of Kings |
| 0:21 | Farm |
| 0:23 | Peasant |
| 0:36 | Peasant |
| 0:49 | Farm |
| 0:52 | Peasant |
| 1:16 | Footman |
| 1:27 | Footman |
| 1:30 | Peasant |
| 1:43 | Peasant |
| 1:52 | Footman |
| 2:05 | Footman |
| 2:22 | Flame Strike |
| 2:28 | Farm |
| 2:30 | Farm |
| 2:30 | Farm |
| 2:43 | Arcane Vault |
| 2:59 | Blacksmith |
| 3:16 | Lumber Mill |
| 3:18 | Peasant |
| 3:21 | Peasant |
| 3:33 | Footman |
| 3:50 | Siphon Mana |
| 3:57 | Peasant |
| 4:15 | Keep |
| 4:24 | Scroll of Regeneration |
| 4:40 | Rifleman |
| 5:22 | Lesser Clarity Potion |
| 5:37 | Rifleman |
| 5:37 | Rifleman |
| 5:40 | Healing Salve |
| 6:06 | Improved Lumber Harvesting |
| 6:12 | Flame Strike |
| 6:43 | Rifleman |
| 7:05 | Iron Forged Swords |
| 7:52 | Acid Bomb |
| 7:59 | Barracks |
| 8:03 | Arcane Sanctum |
| 8:22 | Rifleman |
| Right click | 307 |
| Select group | 127 |
| Select | 123 |
| Build/train/purchase | 36 |
| Use ability | 18 |
| Assign group | 9 |
| Esc | 1 |

| Wisp | 7 | 420 | / | 0 |
| Archer | 17 | 2210 | / | 170 |
| total: | 24 | 2630g | / | 170w |
| Altar of Elders | 1 | 180 | / | 50 |
| Ancient of War | 1 | 150 | / | 60 |
| Moon Well | 4 | 720 | / | 160 |
| Hunter's Hall | 1 | 210 | / | 100 |
| Tree of Ages | 1 | 320 | / | 180 |
| Tree of Eternity | 1 | 330 | / | 200 |
| total: | 7 | 1260g | / | 370w |
| 0:08 | Wisp |
| 0:14 | Altar of Elders |
| 0:21 | Ancient of War |
| 0:30 | Moon Well |
| 0:33 | Wisp |
| 0:47 | Wisp |
| 1:23 | Wisp |
| 1:24 | Wisp |
| 1:29 | Archer |
| 1:38 | Archer |
| 1:55 | Moon Well |
| 2:00 | Wisp |
| 2:06 | Archer |
| 2:11 | Wisp |
| 2:20 | Force of Nature |
| 2:35 | Archer |
| 2:42 | Moon Well |
| 3:01 | Archer |
| 3:41 | Tree of Ages |
| 3:42 | Archer |
| 3:59 | Archer |
| 4:21 | Archer |
| 4:28 | Hunter's Hall |
| 4:59 | Archer |
| 4:59 | Archer |
| 5:30 | Thorns Aura |
| 6:09 | Moon Well |
| 6:11 | Archer |
| 6:11 | Archer |
| 6:36 | Tree of Eternity |
| 6:38 | Archer |
| 6:52 | Reinforced Hides |
| 7:08 | Archer |
| 7:25 | Archer |
| 8:01 | Force of Nature |
| 8:12 | Archer |
| 8:33 | Archer |
| Select | 135 |
| Right click | 128 |
| Build/train/purchase | 34 |
| Use ability | 10 |

| Scroll of Speed | 2 | 100 |
| Healing Salve | 1 | 100 |
| Lesser Clarity Potion | 2 | 140 |
| Scroll of Town Portal | 1 | 350 |
| total: | 6 | 690g |
| Peon | 10 | 750 | / | 0 |
| Troll Headhunter | 3 | 420 | / | 60 |
| total: | 13 | 1170g | / | 60w |
| Watch Tower | 2 | 220 | / | 160 |
| Altar of Storms | 2 | 360 | / | 100 |
| Orc Burrow | 3 | 480 | / | 120 |
| War Mill | 1 | 205 | / | 0 |
| Barracks | 1 | 180 | / | 50 |
| Voodoo Lounge | 1 | 130 | / | 30 |
| Spirit Lodge | 1 | 150 | / | 150 |
| Stronghold | 3 | 945 | / | 570 |
| Fortress | 2 | 650 | / | 380 |
| total: | 11 | 1725g | / | 610w |
| 0:03 | Peon |
| 0:03 | Peon |
| 0:15 | Altar of Storms |
| 0:21 | Orc Burrow |
| 0:25 | Peon |
| 0:35 | Peon |
| 0:46 | Peon |
| 0:59 | War Mill |
| 1:14 | Barracks |
| 1:30 | Peon |
| 1:49 | Orc Burrow |
| 2:01 | Peon |
| 2:15 | Voodoo Lounge |
| 2:22 | Troll Headhunter |
| 2:35 | Critical Strike |
| 2:57 | Troll Headhunter |
| 3:39 | Stronghold |
| 3:39 | Stronghold |
| 3:56 | Watch Tower |
| 4:19 | Watch Tower |
| 4:52 | Altar of Storms |
| 5:23 | Troll Headhunter |
| 6:03 | Spirit Lodge |
| 6:07 | Peon |
| 6:13 | Peon |
| 6:14 | Peon |
| 6:43 | Scroll of Speed |
| 6:44 | Healing Salve |
| 6:48 | Lesser Clarity Potion |
| 7:23 | Fortress |
| 7:28 | Orc Burrow |
| 8:12 | Scroll of Speed |
| 8:13 | Scroll of Town Portal |
| 8:24 | Lesser Clarity Potion |
| 8:32 | Shaman Adept Training |
| 8:32 | Shaman Master Training |
| Right click | 492 |
| Select group | 264 |
| Select | 157 |
| Build/train/purchase | 37 |
| Chat | 36 |
| Misc. action | 26 |
| Assign group | 17 |
| Use ability | 14 |
| Minimap ping | 5 |
| Esc | 1 |
81 units @ 9.7k
/ 0.6k
48 buildings @ 6.2k
/ 1.9k

| Scroll of Regeneration | 2 | 200 |
| total: | 2 | 200g |
| Peasant | 16 | 1200 | / | 0 |
| Rifleman | 10 | 2050 | / | 300 |
| Forest Troll High Priest | 1 | 305 | / | 40 |
| total: | 27 | 3555g | / | 340w |
| Scout Tower | 4 | 120 | / | 80 |
| Guard Tower | 5 | 350 | / | 250 |
| Altar of Kings | 1 | 180 | / | 50 |
| Blacksmith | 1 | 140 | / | 60 |
| Farm | 5 | 400 | / | 100 |
| Barracks | 1 | 160 | / | 60 |
| Lumber Mill | 1 | 120 | / | 0 |
| Arcane Vault | 1 | 130 | / | 30 |
| total: | 14 | 1250g | / | 380w |
| 0:03 | Peasant |
| 0:04 | Peasant |
| 0:04 | Peasant |
| 0:07 | Altar of Kings |
| 0:21 | Blacksmith |
| 0:23 | Farm |
| 0:35 | Peasant |
| 0:38 | Peasant |
| 0:54 | Peasant |
| 1:23 | Barracks |
| 1:26 | Peasant |
| 1:39 | Farm |
| 1:43 | Peasant |
| 2:03 | Farm |
| 2:13 | Rifleman |
| 2:22 | Lumber Mill |
| 2:27 | Holy Light |
| 2:36 | Rifleman |
| 2:51 | Arcane Vault |
| 3:07 | Rifleman |
| 3:07 | Rifleman |
| 3:07 | Rifleman |
| 3:07 | Rifleman |
| 3:20 | Scout Tower |
| 3:31 | Rifleman |
| 3:45 | Farm |
| 3:50 | Scout Tower |
| 3:51 | Guard Tower |
| 3:59 | Farm |
| 4:06 | Scroll of Regeneration |
| 4:33 | Guard Tower |
| 4:38 | Scout Tower |
| 4:41 | Rifleman |
| 5:05 | Divine Shield |
| 5:22 | Rifleman |
| 5:49 | Peasant |
| 5:49 | Peasant |
| 5:50 | Peasant |
| 5:52 | Holy Light |
| 6:09 | Guard Tower |
| 6:23 | Guard Tower |
| 6:40 | Scroll of Regeneration |
| 6:57 | Peasant |
| 7:18 | Peasant |
| 7:21 | Scout Tower |
| 7:47 | Devotion Aura |
| 7:52 | Guard Tower |
| 7:53 | Peasant |
| 7:53 | Peasant |
| 7:53 | Peasant |
| 7:59 | Rifleman |
| 8:06 | Forest Troll High Priest |
| Right click | 206 |
| Select | 96 |
| Select group | 67 |
| Build/train/purchase | 48 |
| Misc. action | 28 |
| Assign group | 19 |
| Use ability | 7 |

| Healing Salve | 2 | 200 |
| Lesser Clarity Potion | 3 | 210 |
| total: | 5 | 410g |
| Peon | 10 | 750 | / | 0 |
| Grunt | 3 | 600 | / | 0 |
| Shaman | 1 | 130 | / | 20 |
| Troll Witch Doctor | 1 | 145 | / | 25 |
| total: | 15 | 1625g | / | 45w |
| Altar of Storms | 1 | 180 | / | 50 |
| Orc Burrow | 4 | 640 | / | 160 |
| Barracks | 1 | 180 | / | 50 |
| Voodoo Lounge | 1 | 130 | / | 30 |
| War Mill | 1 | 205 | / | 0 |
| Great Hall | 1 | 385 | / | 185 |
| Spirit Lodge | 2 | 300 | / | 300 |
| Stronghold | 1 | 315 | / | 190 |
| Fortress | 2 | 650 | / | 380 |
| total: | 11 | 2020g | / | 775w |
| 0:02 | Peon |
| 0:02 | Peon |
| 0:07 | Altar of Storms |
| 0:19 | Orc Burrow |
| 0:33 | Barracks |
| 0:41 | Peon |
| 0:43 | Peon |
| 0:58 | Peon |
| 1:19 | Peon |
| 1:34 | Grunt |
| 1:46 | Orc Burrow |
| 2:10 | Wind Walk |
| 2:14 | Peon |
| 2:14 | Peon |
| 2:29 | Voodoo Lounge |
| 2:45 | Stronghold |
| 3:01 | Grunt |
| 3:30 | Grunt |
| 3:36 | Critical Strike |
| 4:11 | Orc Burrow |
| 4:13 | Healing Salve |
| 4:14 | Lesser Clarity Potion |
| 4:14 | Healing Salve |
| 4:27 | War Mill |
| 5:31 | Spirit Lodge |
| 5:33 | Peon |
| 5:33 | Peon |
| 5:48 | Spirit Lodge |
| 6:34 | Lesser Clarity Potion |
| 6:38 | Great Hall |
| 6:42 | Lesser Clarity Potion |
| 6:52 | Shaman Adept Training |
| 6:54 | Reinforced Defenses |
| 7:13 | Fortress |
| 7:16 | Witch Doctor Adept Training |
| 7:36 | Wind Walk |
| 8:14 | Shaman |
| 8:29 | Troll Witch Doctor |
| 8:33 | Orc Burrow |
| Right click | 541 |
| Select | 270 |
| Select group | 202 |
| Assign group | 78 |
| Build/train/purchase | 65 |
| Misc. action | 49 |
| Use ability | 7 |
| Esc | 3 |


| Peasant | 12 | 900 | / | 0 |
| Rifleman | 7 | 1435 | / | 210 |
| total: | 19 | 2335g | / | 210w |
| Scout Tower | 3 | 90 | / | 60 |
| Arcane Tower | 1 | 70 | / | 50 |
| Guard Tower | 2 | 140 | / | 100 |
| Farm | 6 | 480 | / | 120 |
| Altar of Kings | 1 | 180 | / | 50 |
| Lumber Mill | 1 | 120 | / | 0 |
| Barracks | 1 | 160 | / | 60 |
| Blacksmith | 1 | 140 | / | 60 |
| Arcane Vault | 1 | 130 | / | 30 |
| Keep | 1 | 320 | / | 210 |
| total: | 14 | 1300g | / | 380w |
| 0:05 | Peasant |
| 0:05 | Peasant |
| 0:05 | Peasant |
| 0:06 | Peasant |
| 0:27 | Farm |
| 0:33 | Farm |
| 0:41 | Altar of Kings |
| 0:55 | Lumber Mill |
| 1:05 | Peasant |
| 1:05 | Peasant |
| 1:06 | Peasant |
| 1:06 | Peasant |
| 1:21 | Scout Tower |
| 1:41 | Barracks |
| 1:58 | Peasant |
| 2:00 | Improved Lumber Harvesting |
| 2:11 | Blacksmith |
| 2:16 | Peasant |
| 2:17 | Peasant |
| 2:17 | Peasant |
| 2:33 | Arcane Tower |
| 3:02 | Storm Bolt |
| 3:29 | Farm |
| 3:31 | Black Gunpowder |
| 3:39 | Farm |
| 3:40 | Farm |
| 3:50 | Rifleman |
| 3:51 | Rifleman |
| 4:08 | Rifleman |
| 4:43 | Keep |
| 4:47 | Farm |
| 5:25 | Bash |
| 5:51 | Studded Leather Armor |
| 5:56 | Scout Tower |
| 5:57 | Scout Tower |
| 6:45 | Rifleman |
| 6:45 | Rifleman |
| 6:47 | Guard Tower |
| 6:55 | Improved Masonry |
| 7:15 | Long Rifles |
| 7:17 | Rifleman |
| 7:20 | Guard Tower |
| 7:34 | Arcane Vault |
| 7:54 | Advanced Lumber Harvesting |
| 8:13 | Holy Light |
| 8:32 | Rifleman |
| 8:36 | Refined Gunpowder |
| Right click | 212 |
| Select | 93 |
| Select group | 54 |
| Build/train/purchase | 35 |
| Assign group | 6 |
| Use ability | 4 |

| Rod of Necromancy | 2 | 300 |
| Ritual Dagger | 1 | 125 |
| Dust of Appearance | 2 | 150 |
| total: | 5 | 575g |
| Acolyte | 4 | 300 | / | 0 |
| Ghoul | 16 | 1920 | / | 0 |
| total: | 20 | 2220g | / | 0w |
| Nerubian Tower | 2 | 200 | / | 40 |
| Crypt | 2 | 400 | / | 100 |
| Ziggurat | 3 | 450 | / | 150 |
| Altar of Darkness | 1 | 180 | / | 50 |
| Tomb of Relics | 1 | 130 | / | 30 |
| Graveyard | 2 | 430 | / | 0 |
| Halls of the Dead | 1 | 320 | / | 210 |
| Black Citadel | 1 | 325 | / | 230 |
| total: | 9 | 1590g | / | 330w |
| 0:01 | Acolyte |
| 0:02 | Acolyte |
| 0:30 | Crypt |
| 0:32 | Crypt |
| 0:37 | Ziggurat |
| 1:03 | Altar of Darkness |
| 1:16 | Tomb of Relics |
| 1:31 | Ghoul |
| 1:33 | Ghoul |
| 1:54 | Ghoul |
| 2:06 | Ziggurat |
| 2:11 | Ghoul |
| 2:11 | Ghoul |
| 2:26 | Cannibalize |
| 2:58 | Ghoul |
| 3:07 | Rod of Necromancy |
| 3:07 | Dust of Appearance |
| 3:24 | Ghoul |
| 3:26 | Sleep |
| 3:30 | Ghoul |
| 3:30 | Ghoul |
| 3:39 | Acolyte |
| 3:39 | Acolyte |
| 3:47 | Ziggurat |
| 3:51 | Nerubian Tower |
| 4:05 | Ghoul |
| 5:06 | Vampiric Aura |
| 5:37 | Halls of the Dead |
| 5:37 | Ghoul |
| 5:40 | Graveyard |
| 5:40 | Graveyard |
| 5:44 | Ghoul |
| 6:45 | Ghoul |
| 7:08 | Ghoul |
| 7:11 | Rod of Necromancy |
| 7:11 | Dust of Appearance |
| 7:14 | Ritual Dagger |
| 7:29 | Ghoul |
| 8:09 | Black Citadel |
| 8:10 | Ghoul |
| 8:36 | Vampiric Aura |
| Right click | 285 |
| Select | 223 |
| Chat | 150 |
| Misc. action | 110 |
| Build/train/purchase | 47 |
| Minimap ping | 11 |
| Use ability | 7 |
| Item give/drop | 1 |
| Esc | 1 |
⇛